 Dungeon Crawl Stone Soup version 0.23.2-1-ga50397a (webtiles) character file.

Game seed: 11108976408326261912

944 schauveau the Cleaver (level 7, -8/57 HPs)
             Began as a Minotaur Monk on May 4, 2019.
             Was a Believer of Okawaru.
             Mangled by an ogre
             ... wielding a +0 giant club
              (15 damage)
             ... on level 5 of the Dungeon.
             The game lasted 00:06:10 (4979 turns).

schauveau the Cleaver (Minotaur Monk)               Turns: 4979, Time: 00:06:11

Health: -8/57      AC: 10    Str: 18    XL:     7   Next: 88%
Magic:  6/6        EV:  6    Int:  7    God:    Okawaru [**....]
Gold:   287        SH:  0    Dex: 12    Spells: 6/6 levels left

rFire    . . .     SeeInvis .   a - +0 hand axe
rCold    . . .     Gourm    .   (no shield)
rNeg     . . .     Faith    .   e - +0 plate armour
rPois    .         Spirit   .   (helmet restricted)
rElec    .         Reflect  .   (no cloak)
rCorr    .         Harm     .   (no gloves)
MR       .....                  (no boots)
Stlth    ..........             (no amulet)
HPRegen  0.19/turn              (no ring)
MPRegen  0.10/turn              (no ring)

@: no status effects
A: retaliatory headbutt, horns 2
a: Heroism, Renounce Religion


You were on level 5 of the Dungeon.
You worshipped Okawaru.
Okawaru was pleased with you.
You were not hungry.

You visited 2 branches of the dungeon, and saw 8 of its levels.

You collected 287 gold pieces.

Inventory:

Hand Weapons
 a - a +0 hand axe (weapon)
 i - a +0 shortbow
Missiles
 j - 234 arrows
Armour
 e - a +0 plate armour (worn)
Jewellery
 y - a +2 ring of evasion {unknown}
Wands
 v - a wand of random effects (18)
Scrolls
 b - 2 scrolls of identify {unknown}
 d - a scroll of enchant armour {unknown}
 g - 3 scrolls of fog {unknown}
 h - a scroll of fear {unknown}
 k - 6 scrolls of remove curse
 l - a scroll of enchant weapon {unknown}
 n - a scroll of random uselessness {unknown}
 q - 3 scrolls of teleportation {unknown}
 t - 2 scrolls of amnesia {unknown}
Potions
 f - a potion of ambrosia {unknown}
 m - a potion of magic
 o - a potion of flight {unknown}
 p - a potion of agility {unknown}
 r - a potion of curing
 u - a potion of resistance {unknown}
 w - a potion of haste {unknown}
 x - a potion of cancellation {unknown}
 z - a potion of mutation {unknown}
Comestibles
 c - 11 rations
 s - 3 chunks of flesh


   Skills:
 - Level 3.6 Fighting
 * Level 11.2 Axes
 - Level 3.2 Dodging
 - Level 1.5 Stealth


You had 6 spell levels left.
You didn't know any spells.
Your spell library was empty.

Dungeon Overview and Level Annotations

Branches:
Dungeon (7/15)             Temple (1/1) D:6

Altars:
Ashenzari
Cheibriados
Dithmenos
Fedhas
Gozag
Hepliaklqana
Kikubaaqudgha
Nemelex Xobeh
Okawaru
Qazlal
Ru
Sif Muna
Trog
Uskayaw
Vehumet
Wu Jian
Xom
Yredelemnul
Zin
The Shining One

Annotations:
D:5 2 transporters


Innate Abilities, Weirdness & Mutations

You reflexively headbutt those who attack you in melee.
You have a pair of horns on your head.


Message History

The ogre is moderately wounded.
Your plate armour prevents you from hitting the crimson imp.
The ogre hits you with a +0 giant club!!
* * * LOW HITPOINT WARNING * * *
The crimson imp hits you but does no damage.
You are too injured to fight recklessly!
You barely miss the ogre. Your headbutt misses the ogre.
The ogre is moderately wounded.
You closely miss the crimson imp.
The crimson imp hits you but does no damage.
You are too injured to fight recklessly!
You hit the ogre.
The ogre is moderately wounded.
You hit the crimson imp. The ogre completely misses you.
You hit the ogre but do no damage.
The ogre is moderately wounded.
You closely miss the crimson imp.
The crimson imp hits you but does no damage.
The ogre hits you with a +0 giant club!
You die...

#...# ##..###..#.###
#...###.>.# #.##....
###.......###.###...
##......#...##....
#.#...##.###.....
#.....##.# #.....
####.....##.# #.....
#####........##.###.....
#......@.........##))...
#......O5........##)....
#...................[...
#...........#########...
#####.......# ####
#.......# #########


You could see an ogre and a crimson imp.

Vanquished Creatures
  An ogre (D:5)
  3 centaurs
  A big kobold (D:7)
  A crimson imp (D:5)
  3 hounds
  4 orc wizards
  Jessica (D:4)
  A centaur skeleton (D:4)
  7 gnolls
  10 adders
  An ooze (D:4)
  4 worms
  2 dart slugs
  4 leopard geckos
  8 orcs
  5 giant cockroaches
  11 goblins
  10 hobgoblins
  2 jackals (D:4)
  6 kobolds
  6 quokkas
  6 bats
  7 frilled lizards
  A leopard gecko skeleton (D:4)
  7 rats
112 creatures vanquished.

Notes
Turn   | Place    | Note
-------+----------+-------------------------------------------
     0 | D:1      | schauveau the Minotaur Monk began the quest for the Orb.
     0 | D:1      | Reached XP level 1. HP: 19/19 MP: 0/0
    34 | D:1      | Reached skill level 4 in Axes
    34 | D:1      | Reached XP level 2. HP: 13/26 MP: 1/1
   361 | D:2      | Reached skill level 5 in Axes
   383 | D:2      | Reached XP level 3. HP: 29/31 MP: 2/2
   385 | D:2      | Found a faded altar of an unknown god.
   860 | D:2      | Reached skill level 6 in Axes
   860 | D:2      | Reached XP level 4. HP: 21/39 MP: 3/3
  1024 | D:3      | You fall through a shaft for 2 floors!
  1024 | D:5      | Entered Level 5 of the Dungeon
  1025 | D:5      | Noticed a centaur
  1025 | D:5      | Noticed a centaur
  1034 | D:5      | Killed a centaur
  1034 | D:5      | Reached skill level 7 in Axes
  1034 | D:5      | Reached XP level 5. HP: 16/45 MP: 4/4
  1045 | D:5      | Killed a centaur
  1045 | D:5      | Reached skill level 8 in Axes
  1340 | D:5      | Found a hazy altar of Hepliaklqana.
  1635 | D:4      | Reached XP level 6. HP: 50/51 MP: 5/5
  1886 | D:4      | You fall through a shaft for 3 floors!
  1944 | D:6      | Found a staircase to the Ecumenical Temple.
  1962 | D:6      | Reached skill level 9 in Axes
  1999 | Temple   | Entered the Ecumenical Temple
  2316 | D:5      | Reached XP level 7. HP: 57/57 MP: 6/6
  2396 | D:4      | Noticed Jessica
  2472 | D:3      | Reached skill level 10 in Axes
  3915 | D:3      | Found a stormy altar of Qazlal.
  4156 | D:3      | Found an ancient bone altar of Kikubaaqudgha.
  4200 | D:3      | Found a glowing golden altar of the Shining One.
  4509 | D:4      | Killed Jessica
  4520 | D:4      | Found a deep blue altar of Sif Muna.
  4570 | D:5      | Found a transporter.
  4609 | D:5      | Reached skill level 11 in Axes
  4720 | D:5      | Found a sacrificial altar of Ru.
  4722 | D:5      | Found a shattered altar of Ashenzari.
  4744 | D:5      | Found a transporter.
  4927 | D:5      | Found an iron altar of Okawaru.
  4939 | D:5      | Became a worshipper of Warmaster Okawaru
  4939 | D:5      | Reached * piety under Okawaru
  4939 | D:5      | Reached ** piety under Okawaru
  4979 | D:5      | Mangled by an ogre

Skill      XL: |  1  2  3  4  5  6  7 |
---------------+----------------------+-----
Axes           | 4 5 6 7 8 9 11 | 11.2
Fighting       | |  3.6
Dodging        | |  3.2
Stealth        | |  1.5

Action                   |  1- 3 |  4- 6 |  7- 9 || total
-------------------------+-------+-------+-------++-------
Melee: Hand axe          |    65 |    96 |   190 ||   351
       Headbutt          |    16 |    19 |    30 ||    65
  Use: Potion            |       |       |     3 ||     3
       Scroll            |       |       |     1 ||     1
  Eat: Chunk             |       |     2 |     4 ||     6
       Ration            |       |     1 |     1 ||     2
Armor: Plate armour      |    31 |    88 |   132 ||   251
       Robe              |     2 |       |       ||     2
Dodge: Dodged            |    26 |    30 |    89 ||   145
